 Seeded DCSS version 0.29-a0-1019-g84f7d21838 (webtiles) character file.

Game seed: 16577658034754246867 (custom seed)

14722 purpskrrrp the Bludgeoner (level 11, -16/105 HPs)
             Began as a Troll Fighter on Aug 9, 2022.
             Was a High Priest of Wu Jian.
             Demolished by a two-headed ogre
             ... wielding a +0 giant club
              (25 damage)
             ... on level 10 of the Dungeon on Aug 11, 2022.
             The game lasted 01:28:07 (12433 turns).

purpskrrrp the Bludgeoner (Troll Fighter)          Turns: 12433, Time: 01:28:07

Health: -16/105    AC:  9    Str: 36 (37) XL:     11   Next: 92%
Magic:  10/10      EV: 14    Int: -2 (4)  God:    Wu Jian [*****.]
Gold:   975        SH:  5    Dex: 14 (15) Spells: 10/10 levels left

rFire   + . .      SeeInvis .   D - +3 giant club "Skullcrusher" {speed, Str+7}
rCold   x . .      Faith    .   (shield currently unavailable)
rNeg    . . .      Spirit   .   r - +0 acid dragon scales
rPois   .          Reflect  +   (helmet restricted)
rElec   .          Harm     .   J - +0 cloak
rCorr   +          Rampage  .   (gloves unavailable)
Will    .....                   (boots unavailable)
Stlth   +.........              j - amulet of reflection
HPRegen 1.07/turn               i - ring of fire
MPRegen 0.12/turn               q - +6 ring of dexterity

@: mighty, in a heavenly storm, slowed, lost intelligence, glowing, invisible
(but backlit and visible), unable to read, very slow
A: large, unfitting armour, claws 3, regeneration 1, shaggy fur 1, tough skin 1,
deterioration 2, subdued magic 1
a: Renounce Religion, Wall Jump, Serpent's Lash, Heavenly Storm


You were on level 10 of the Dungeon.
You worshipped Wu Jian.
Wu Jian was extremely pleased with you.
You visited 1 branch of the dungeon, and saw 11 of its levels.
You also visited: Sewer and Bailey.

You collected 1393 gold pieces.
You spent 418 gold pieces at shops.

Inventory:

Hand Weapons
 a - a +1 flail
 e - a +0 giant spiked club of chaos
 D - the +3 giant club "Skullcrusher" (weapon) {speed, Str+7}
   (You bought it in a shop on level 6 of the Dungeon)

   Attacks with this weapon are significantly faster.
   Str:       It affects your strength (+7).
Missiles
 g - a throwing net (quivered)
 C - 3 silver boomerangs
 E - 22 boomerangs
Armour
 b - a +0 robe
 c - a +2 kite shield
 m - a +2 robe of willpower
 p - +0 steam dragon scales
 r - +0 acid dragon scales (worn)
 J - a +0 cloak (worn)
Jewellery
 i - a ring of fire (left claw)
 j - an amulet of reflection (around neck)
 q - a +6 ring of dexterity (right claw)
 s - a ring of fire
Wands
 f - a wand of digging (1)
 y - a wand of roots (9)
 F - a wand of flame (12)
 H - a wand of mindburst (9)
 O - a wand of polymorph (5)
Scrolls
 v - 2 scrolls of amnesia
 w - 7 scrolls of teleportation
 z - a scroll of torment
 K - a scroll of fear
 L - 3 scrolls of identify
 M - a scroll of silence {unknown}
 N - a scroll of magic mapping
Potions
 d - a potion of might
 h - 10 potions of flight
 k - 2 potions of brilliance
 l - a potion of ambrosia {unknown}
 n - a potion of mutation {unknown}
 o - a potion of degeneration {unknown}
 t - a potion of invisibility
 u - a potion of attraction {unknown}
 x - 2 potions of cancellation
 A - 3 potions of lignification
 B - a potion of magic {unknown}
 G - a potion of berserk rage {unknown}
 I - 2 potions of resistance {unknown}


   Skills:
 + Level 6.0 Fighting
 * Level 15.9 Maces & Flails
 + Level 4.9 Dodging
 - Level 3.1 Shields


You had 10 spell levels left.
You didn't know any spells.
Your spell library contained the following spells:

 Spells                   Type           Power      Damage    Failure   Level
 Shock                    Conj/Air       0%         1d3       61%         1
 Sting                    Tmut/Pois      0%         1d3       61%         1
 Poisonous Vapours        Pois/Air       0%         N/A       75%         2
 Dazzling Flash           Conj/Hex       0%         N/A       93%         3
 Swiftness                Air            0%         N/A       93%         3
 Airstrike                Air            0%         2d(0-16)  100%        4
 Corpse Rot               Necr/Pois/Air  0%         N/A       100%        4
 Dispel Undead            Necr           0%         3d6       100%        4
 Iskenderun's Mystic Bla  Conj/Tloc      0%         2d3       100%        4
 Olgreb's Toxic Radiance  Pois           0%         N/A       100%        4
 Death Channel            Necr           0%         N/A       100%        6
 Starburst                Conj/Fire      0%         6d3       100%        6


Dungeon Overview and Level Annotations

Branches:
Dungeon (11/15)            Temple (0/1) D:4            Lair (0/5) D:10
  Sewer (visited)          Bailey (visited)
    Orc: D:9-12

Altars:
Cheibriados
Dithmenos
Fedhas
Kikubaaqudgha
Makhleb
Nemelex Xobeh
Okawaru
Qazlal
Sif Muna
Trog
Uskayaw
Wu Jian
Xom
Zin

Shops:
D:6 *


Innate Abilities, Weirdness & Mutations

You are too large for most types of armour.
You have claws for hands.
Your natural rate of healing is unusually fast.
You are covered in fur. (AC +1)
You have tough skin. (AC +1)
Your body often deteriorates upon taking damage.
Your spells are a little easier to cast, but a little less powerful.


Message History

The red ugly thing barely misses you. The red ugly thing closely misses you.
You closely miss the red ugly thing. The red ugly thing pecks you.
You are engulfed in flames!
You resist.
* * * LOW HITPOINT WARNING * * *
You bludgeon the red ugly thing!!
The red ugly thing is heavily wounded.
You feel very mighty all of a sudden. The red ugly thing pecks you!
* * * LOW HITPOINT WARNING * * *
Your body deteriorates!
You feel weakened.
You are engulfed in flames!
You resist.
* * * LOW HITPOINT WARNING * * *
The red ugly thing barely misses you.
Okay, then.
You block the red ugly thing's attack.
Your muscles tense, ready for explosive movement...
Your supernatural speed expires.
Okay, then.
There is nothing to wall jump against here.
Aiming: Wall Jump
Press: ? - help, Dir - move target The red ugly thing pecks you.
* * * LOW HITPOINT WARNING * * *
You are engulfed in flames.
You resist.
* * * LOW HITPOINT WARNING * * *
Throw: throwing net
Press: ? - help, Q - select action, (/) - cycle Shift-Dir - straight line, f - red ugly thing
Aim: a red ugly thing (heavily wounded, unable to see you, 62% to hit)
Okay, then.
The air is filled with shimmering golden clouds!
Sifu Xiang Ba says: The storm will not cease as long as you keep fighting, disciple!
The red ugly thing closely misses you. The red ugly thing misses you.
You pound the red ugly thing like an anvil!!!
You kill the red ugly thing!
The Council accepts your kill.
You feel less exhausted.
You bludgeon the two-headed ogre!!
The two-headed ogre is heavily wounded.
The two-headed ogre hits you with a +0 giant club!!
You die...

#.###.#........##.#
#.#.#.#........##.#
#.#.#.#........##.#
#.#...#.)......##.#
#.###########..##.##########
#...........#..#§☼☼....)...#
#.#####.###.#<.#§☼§≈≈≈≈≈≈).#
#.#...#.#.#.#..#O☼☼......≈.#
#.###.#.#.#.#..#@☼§≈≈≈≈..≈.#
......#.#...#..#§☼§≈...§.≈.#
#######.#####..§§§☼≈.§.≈.≈.#
......#.#...#....≈.≈...§.≈.#
#.###.#.#.#.#..#.≈.≈≈≈≈≈.≈.#
#.#...#.#.#.#..#.≈...§...≈.#
#.#####.###.#..#.≈≈≈≈≈≈≈≈≈.#
#...........#..#...........#
#.###########.....##..######


You could see a two-headed ogre.

Vanquished Creatures
  2 two-headed ogres (D:10)
  A boulder beetle (D:8)
  3 sun demons (D:9)
  An orc knight (Bailey)
  An ugly thing (D:10)
  2 orange demons (D:9)
  A kobold demonologist (D:10)
  A red devil (D:9)
  2 hellwings (D:9)
  A hornet (D:9)
  Sigmund (D:4)
  16 yaks
  A shadow (D:8)
  A vampire (D:9)
  2 neqoxecs (D:9)
  2 steam dragons
  2 chaos spawn (D:9)
  2 acid dragons
  A water moccasin (D:9)
  2 black bears
  8 orc warriors
  5 sky beasts
  2 ice beasts (D:7)
  An ogre (D:4)
  3 centaurs
  3 kobold brigands
  4 bullfrogs
  5 necrophages
  A gnoll sergeant (D:10)
  2 scorpions (D:5)
  3 wights (D:9)
  A killer bee (D:7)
  An electric eel (D:10)
  2 howler monkeys
  3 jellies
  3 quasits (D:9)
  An orc priest (D:8)
  6 hounds
  6 iguanas
  Ijyb (D:4)
  11 orc wizards
  11 gnolls
  12 adders
  2 shadow imps (D:5)
  2 white imps
  4 worms
  3 dart slugs
  33 orcs
  7 endoplasms
  11 giant cockroaches
  11 goblins
  6 hobgoblins
  3 jackals (D:3)
  10 quokkas
  12 ball pythons
  3 bats
  7 frilled lizards
  30 kobolds
  7 rats
291 creatures vanquished.

Vanquished Creatures (collateral kills)
  A sun demon (D:9)
1 creature vanquished.

Vanquished Creatures (others)
  A plant (D:2)
1 creature vanquished.

Grand Total: 293 creatures vanquished

Notes
Turn   | Place    | Note
-------+----------+-------------------------------------------
     0 | D:1      | purpskrrrp the Troll Fighter began the quest for the Orb.
     0 | D:1      | Reached XP level 1. HP: 22/22 MP: 0/0
   317 | D:1      | Reached XP level 2. HP: 28/29 MP: 1/1
   379 | D:1      | Reached skill level 2 in Maces & Flails
   643 | D:2      | Reached XP level 3. HP: 34/36 MP: 2/2
   718 | D:2      | Found a faded altar of an unknown god.
   744 | D:2      | Prayed at the altar of an unknown god.
   744 | D:2      | Became a worshipper of the Wu Jian Council
   744 | D:2      | Reached * piety under Wu Jian
  1600 | D:3      | Reached XP level 4. HP: 27/44 MP: 3/3
  1611 | D:3      | Reached skill level 3 in Maces & Flails
  1983 | D:3      | Reached ** piety under Wu Jian
  2312 | D:3      | Found a stormy altar of Qazlal.
  2319 | D:3      | Found an ancient bone altar of Kikubaaqudgha.
  2325 | D:3      | Found a shimmering altar of Xom.
  2332 | D:3      | Found a hide-covered altar of Uskayaw.
  2338 | D:3      | Found an iron altar of Okawaru.
  2345 | D:3      | Found a shadowy altar of Dithmenos.
  2351 | D:3      | Found a shimmering blue altar of Sif Muna.
  2479 | D:4      | Reached XP level 5. HP: 37/52 MP: 4/4
  2482 | D:4      | Reached skill level 4 in Maces & Flails
  2756 | D:4      | Noticed an ogre
  2774 | D:4      | Killed an ogre
  2775 | D:4      | Reached XP level 6. HP: 3/61 MP: 5/5
  2919 | D:4      | Noticed Ijyb
  2941 | D:4      | Found a staircase to the Ecumenical Temple.
  2959 | D:4      | Killed Ijyb
  2960 | D:4      | Reached skill level 5 in Maces & Flails
  3272 | D:4      | Noticed Sigmund
  3278 | D:4      | Killed Sigmund
  3279 | D:4      | Reached XP level 7. HP: 43/67 MP: 6/6
  3713 | D:4      | Reached skill level 6 in Maces & Flails
  3885 | D:5      | Entered Level 5 of the Dungeon
  4023 | D:5      | Found a glowing drain.
  4027 | D:5      | Reached *** piety under Wu Jian
  4034 | Sewer    | Entered a sewer
  4339 | Sewer    | Reached skill level 7 in Maces & Flails
  4710 | D:5      | Reached XP level 8. HP: 59/75 MP: 7/7
  5341 | D:5      | Reached skill level 8 in Maces & Flails
  6066 | D:5      | Reached skill level 9 in Maces & Flails
  6238 | D:6      | HP: 1/75 [poisoned by a kobold]
  6799 | D:6      | Found a glowing silver altar of Zin.
  6832 | D:6      | Found Hasueb's General Store.
  6861 | D:6      | Reached XP level 9. HP: 83/83 MP: 8/8
  7227 | D:7      | Reached skill level 10 in Maces & Flails
  7227 | D:7      | Reached **** piety under Wu Jian
  7700 | D:7      | Reached skill level 11 in Maces & Flails
  8000 | D:7      | Found a bloodstained altar of Trog.
  8108 | D:6      | Bought the +3 giant club "Skullcrusher" {speed, Str+7} for
                  | 418 gold pieces
  8108 | D:6      | Found the +3 giant club "Skullcrusher" {speed, Str+7}
  8129 | D:6      | Upgraded the game from 0.29-a0-1009-g60c99734e7 to
                  | 0.29-a0-1019-g84f7d21838
  9296 | D:8      | Reached skill level 12 in Maces & Flails
  9301 | D:8      | Noticed a boulder beetle
  9303 | D:8      | Reached XP level 10. HP: 80/92 MP: 9/9
  9307 | D:8      | Killed a boulder beetle
  9612 | D:9      | Noticed a sun demon
  9616 | D:9      | Noticed an orange demon
  9680 | D:9      | Noticed a sun demon
  9727 | D:9      | Lost intelligence.
  9729 | D:9      | Gained mutation: Your spells are a little easier to cast,
                  | but a little less powerful. [a neqoxec]
  9730 | D:9      | Gained mutation: Your body sometimes deteriorates upon
                  | taking damage. [a neqoxec]
  9782 | D:9      | Reached ***** piety under Wu Jian
  9786 | D:9      | Reached skill level 13 in Maces & Flails
  9821 | D:9      | Noticed a sun demon
  9832 | D:9      | Killed a sun demon
  9953 | D:9      | Noticed a sun demon
  9963 | D:9      | Killed a sun demon
  9975 | D:9      | Reached skill level 14 in Maces & Flails
 10061 | D:9      | Found a flagged portal.
 10062 | D:9      | Noticed a two-headed ogre
 10078 | D:10     | Entered Level 10 of the Dungeon
 10080 | D:10     | Killed a two-headed ogre
 10081 | D:10     | Reached XP level 11. HP: 101/101 MP: 10/10
 10113 | D:10     | Noticed a two-headed ogre
 10119 | D:10     | Killed a two-headed ogre
 10120 | D:10     | Reached skill level 5 in Fighting
 10171 | Bailey   | Entered a bailey
 10192 | Bailey   | Noticed an orc knight
 10312 | Bailey   | Killed an orc knight
 10705 | D:9      | Killed a sun demon
 10740 | D:9      | Reached skill level 15 in Maces & Flails
 10916 | D:9      | Killed a sun demon
 11043 | D:9      | Found a blossoming altar of Fedhas.
 11249 | D:9      | Lost intelligence.
 11258 | D:9      | Gained mutation: Your body often deteriorates upon taking
                  | damage. [a neqoxec]
 11377 | D:10     | Found a snail-covered altar of Cheibriados.
 11421 | D:10     | Found a staircase to the Lair.
 12022 | D:10     | Found a sparkling altar of Nemelex Xobeh.
 12022 | D:10     | Found a burning altar of Makhleb.
 12410 | D:11     | Noticed a red ugly thing
 12410 | D:11     | Noticed a two-headed ogre
 12423 | D:10     | HP: 4/105 [red ugly thing (10)]
 12429 | D:10     | HP: 4/105 [red ugly thing (6)]
 12431 | D:10     | Killed a red ugly thing
 12433 | D:10     | Demolished by a two-headed ogre

Illustrated notes

Levels and vault maps discovered:
D:1:      psy_arrival_heroes, layout_basic, minmay_pentomino_v2
D:2:      layout_basic, serial_forest, infiniplex_forest_straight_2,
          infiniplex_forest_end_2, infiniplex_forest_clump_curved,
          infiniplex_forest_lined_3_way, infiniplex_forest_lined_corner,
          infiniplex_forest_lined_2, infiniplex_forest_clump_small,
          hellmonk_ecumenical_altar_run_dry, palyth_stone_intersect,
          nicolae_kite_square_tiling_tiny
D:3:      layout_loops_ring, grunt_temple_overflow_octagram, nrook_campfire
D:4:      layout_layer_cave, minmay_temple_entry_from_below_a, uniq_sigmund,
          uniq_ijyb
D:5:      layout_layer_cave, gup_sewer_entry_pipe, serial_bayou_pond_b
D:6:      layout_cave_pools, zin_academy, serial_shops, kennysheep_little_box,
          minmay_misc_feat_chi, grunt_ministairs_6
D:7:      layout_gridville, amcnicky_altar_gilded, minmay_circle_x
D:8:      layout_cave_pools, kennysheep_donut, minmay_small_thing
D:9:      layout_irregular_city, overflow_temple_1_default, enter_bailey_5,
          serial_demonic, serial_demonic_a, serial_demonic_d, serial_demonic_e,
          serial_demonic_c, serial_demonic_d, serial_demonic_c, serial_demonic_e
D:10:     mumra_celtic_spiral_tile, layout_long_grid,
          mainiacjoe_overflow_concentric_impassable,
          nicolae_overflow_two_pavilions, lair_entry_dummy
D:11:     layout_rooms, erik_orc_2, minivault_11, nzn_random_ring

Skill      XL: |  1  2  3  4  5  6  7  8  9 10 11 |
---------------+----------------------------------+-----
Maces & Flails | 2 3 4 5 7 9 12 14 15 | 15.9
Shields        | 3 |  3.1
Dodging        | 3 4 |  4.9
Fighting       | 3 4 6 |  6.0

Action                   |  1- 3 |  4- 6 |  7- 9 | 10-12 || total
-------------------------+-------+-------+-------+-------++-------
Melee: Flail             |   145 |   167 |       |       ||   312
       Giant spiked club |       |    70 |   196 |       ||   266
       Unarmed           |       |       |   326 |       ||   326
       Punch             |       |       |     3 |       ||     3
       Giant club        |       |       |   103 |   277 ||   380
Throw: Boomerang         |       |       |       |     4 ||     4
Invok: Lunge             |     4 |     4 |    11 |    12 ||    31
       Whirlwind         |       |     3 |    14 |    24 ||    41
       Serpent's Lash    |       |       |       |     1 ||     1
       Heavenly Storm    |       |       |       |     1 ||     1
 Abil: Wall Jump         |       |     3 |       |     2 ||     5
  Use: Scroll            |       |     6 |    11 |     6 ||    23
       Potion            |       |     2 |     6 |     6 ||    14
 Stab: Sleeping          |     1 |       |     2 |       ||     3
       Paralysed         |       |       |     1 |       ||     1
Armor: Robe              |    55 |    68 |   231 |       ||   354
       Steam dragon scal |       |       |    31 |     4 ||    35
       Acid dragon scale |       |       |       |    55 ||    55
Dodge: Dodged            |    44 |   136 |   270 |    90 ||   540
Block: Kite shield       |    75 |   137 |       |       ||   212
       Reflection        |     2 |     6 |     5 |     8 ||    21
       Other             |       |    23 |   132 |    49 ||   204

Table legend: (Time is in decaauts)
 A = Elapsed time spent in this place.
 B = Non-inter-level travel time spent in this place.
 C = Inter-level travel time spent in this place.
 D = Time resting spent in this place.
 E = Time spent auto-exploring this place.
 F = Levels seen in this place.
 G = Mean time per level.
                   A        B        C        D        E       F      G
               +--------+--------+--------+--------+--------+-----+--------+
         Total |  13311 |  11307 |   2004 |   1033 |   6436 |  13 | 1023.9 |
       Dungeon |  12197 |  10193 |   2004 |   1023 |   6402 |  11 | 1108.8 |
         Sewer |    784 |    784 |      0 |      0 |     34 |   1 |  784.0 |
        Bailey |    329 |    329 |      0 |     10 |      0 |   1 |  329.0 |
               +--------+--------+--------+--------+--------+-----+--------+

Top non-repeatable levels by time:
    D:10: 1727 daAuts
     D:7: 1723 daAuts
     D:4: 1556 daAuts
     D:5: 1552 daAuts
     D:9: 1226 daAuts
     D:8: 1069 daAuts
     D:2: 921 daAuts
     D:3: 898 daAuts
     D:6: 841 daAuts
   Sewer: 784 daAuts
     D:1: 671 daAuts
  Bailey: 329 daAuts
    D:11: 8 daAuts
